 Dungeon Crawl Stone Soup version 0.27.0-1-g7a089689b8 (webtiles) character file.

Game seed: 14568941602141674984

190 trckry the Grasshopper (level 5, -5/50 HPs)
             Began as an Ogre Warper on Aug 13, 2021.
             Was a Follower of Uskayaw.
             Slain by Sigmund (13 damage)
             ... on level 2 of the Dungeon.
             The game lasted 00:07:52 (2283 turns).

trckry the Grasshopper (Ogre Warper)                Turns: 2283, Time: 00:07:52

Health: -5/50      AC:  3    Str: 15    XL:     5   Next: 69%
Magic:  8/8        EV: 10    Int: 15    God:    Uskayaw [*.....]
Gold:   190        SH:  0    Dex: 14    Spells: 3/8 levels left

rFire    . . .     SeeInvis .   j - +0 quarterstaff
rCold    . . .     Faith    .   (shield currently unavailable)
rNeg     . . .     Spirit   .   b - +0 robe
rPois    .         Reflect  .   (helmet restricted)
rElec    .         Harm     .   (no cloak)
rCorr    .         Rampage  .   (gloves unavailable)
Will     .....                  (boots unavailable)
Stlth    +.........             h - amulet of magic regeneration
HPRegen  0.16/turn              e - +6 ring of dexterity
MPRegen  0.36/turn              (no ring)

@: lethally poisoned (-5 -> -11)
A: large, unfitting armour, tough skin 1
a: Renounce Religion, Stomp


You were on level 2 of the Dungeon.
You worshipped Uskayaw.
Uskayaw was noncommittal.
You visited 1 branch of the dungeon, and saw 2 of its levels.

You collected 190 gold pieces.

Inventory:

Hand Weapons
 a - a +0 mace
 j - a +0 quarterstaff (weapon)
Armour
 b - a +0 robe (worn)
Jewellery
 e - a +6 ring of dexterity (left hand)
 h - an amulet of magic regeneration (around neck)
 k - a ring of willpower
Scrolls
 c - 2 scrolls of blinking
Potions
 i - a potion of magic


   Skills:
 - Level 2.6 Fighting
 * Level 3.8 Maces & Flails
 - Level 1.0 Throwing
 - Level 2.1 Dodging
 - Level 2.4 Spellcasting
 * Level 4.4 Translocations


You had 3 spell levels left.
You knew the following spells:

 Your Spells              Type           Power      Damage    Failure   Level
a - Blink                 Tloc           N/A        N/A       5%          2
b - Gell's Gravitas       Tloc           7%         N/A       11%         3

Your spell library contained the following spells:

 Spells                   Type           Power      Damage    Failure   Level
 Lesser Beckoning         Tloc           7%         N/A       11%         3
 Teleport Other           Tloc           15%        N/A       11%         3
 Ensorcelled Hibernation  Hex/Ice        2%         N/A       32%         2
 Spider Form              Tmut/Pois      0%         N/A       54%         3
 Manifold Assault         Tloc           15%        N/A       67%         5
 Shadow Creatures         Summ           N/A        N/A       100%        6


Dungeon Overview and Level Annotations

Branches:
Dungeon (2/15)

Altars:
Uskayaw

Annotations:
D:2 1 runed translucent door, Crazy Yiuf, Sigmund


Innate Abilities, Weirdness & Mutations

You are too large for most types of armour.
You have tough skin. (AC +1)


Message History

The adder misses you.
You barely miss the adder.
The adder is moderately wounded.
The adder bites you. The adder bites you but does no damage.
You take 4 damage, and have 22/50 hp.
You miss the adder.
The adder is moderately wounded.
The adder bites you. x2
You take 1 damage, and have 21/50 hp.
You sock the adder!
You kill the adder!
Sigmund zaps a wand.
The puff of flame hits you.
You take 5 damage, and have 16/50 hp.
Sigmund says, "Your kind have come here before.
I understand now why.
You desire death..."
Sigmund casts a spell at you.
You are confused.
You bump into the rock wall.
You bump into the rock wall.
You bump into the rock wall.
Sigmund points at you and mumbles some strange words.
You are more confused.
You bump into the rock wall.
You bump into the rock wall.
Sigmund barely misses you.
You bump into the rock wall.
Sigmund barely misses you.
You bump into the rock wall.
Sigmund casts a spell at you. The magic dart hits you!
* * * LOW HITPOINT WARNING * * *
You take 7 damage, and have 11/50 hp.
You bump into the rock wall.
You feel less confused.
Sigmund hits you from afar with a +2 scythe of venom.
* * * LOW HITPOINT WARNING * * *
You are poisoned.
You take 2 damage, and have 9/50 hp.
It was a potion of magic.
Magic courses through your body.
* * * LOW HITPOINT WARNING * * *
You feel sick.
Sigmund hits you from afar with a +2 scythe of venom!
You die...

##.... #. #...## #[.. #.###.##.
###.# #@.. #.# #.##.# #####@#
#... #.## ....#####.....# #...
#..# #........###.### ##... #.#
#...#..#####...###.... ####.##
####.(.................
###.....###...(.....#######..#...
............##.#@##.## ##.#...
#........(####...##..#######.....
#.........# #....@...............
#.........#...###.......#####....
#........@#.......####...## ##...
..........#...##### ##...# #...
#.........#### #...####...
#........@###### ###†..##...
#........<.....# #.#......


You could see Sigmund.

Vanquished Creatures
  A scorpion (D:2)
  Natasha (thrice) (D:2)
  2 adders (D:2)
  A worm (D:2)
  A dart slug (D:2)
  5 ball pythons
  3 bats
  6 endoplasms
  2 goblins
  5 hobgoblins
  2 quokkas (D:1)
  A frilled lizard (D:2)
  5 kobolds
  A rat (D:1)
38 creatures vanquished.

Vanquished Creatures (others)
  5 fungi (D:2)
  10 plants
  5 toadstools (D:1)
20 creatures vanquished.

Grand Total: 58 creatures vanquished

Notes
Turn   | Place    | Note
-------+----------+-------------------------------------------
     0 | D:1      | trckry the Ogre Warper began the quest for the Orb.
     0 | D:1      | Reached XP level 1. HP: 22/22 MP: 3/3
   273 | D:1      | Reached XP level 2. HP: 29/29 MP: 5/5
   311 | D:1      | Reached skill level 3 in Translocations
  1169 | D:2      | Reached XP level 3. HP: 36/36 MP: 6/6
  1186 | D:2      | Learned a level 2 spell: Blink
  1190 | D:2      | Learned a level 3 spell: Gell's Gravitas
  1222 | D:2      | Found a runed translucent door.
  1223 | D:2      | Noticed Crazy Yiuf
  1272 | D:2      | Noticed Natasha
  1284 | D:2      | Killed Natasha
  1448 | D:2      | Noticed a scorpion
  1492 | D:2      | Killed a scorpion
  1493 | D:2      | Reached skill level 4 in Translocations
  1493 | D:2      | Reached XP level 4. HP: 44/44 MP: 7/7
  1553 | D:2      | Reached XP level 5. HP: 43/50 MP: 8/8
  1588 | D:2      | Noticed Natasha
  1597 | D:2      | Killed Natasha
  1772 | D:2      | Found a faded altar of an unknown god.
  1772 | D:2      | Noticed Natasha
  1781 | D:2      | Killed Natasha
  1800 | D:2      | Became a worshipper of Uskayaw the Reveller
  1800 | D:2      | Reached * piety under Uskayaw
  1988 | D:2      | Noticed Sigmund
  2283 | D:2      | Slain by Sigmund

Illustrated notes

Levels and vault maps discovered:
D:1:      lightli_arrival_boilingwater, layout_basic, serial_bayou,
          serial_bayou_lagoon_a, serial_bayou_pond_b, serial_bayou_shore_b,
          serial_bayou_pond_a, grunt_decor_one_mirror, minmay_misc_feat_hallway,
          minmay_gold_behind_fungi
D:2:      layout_rooms, dreamdust_ecumenical_altar_grove, hex_tiny,
          uniq_crazy_yiuf_cottage, uniq_natasha, uniq_sigmund

Skill      XL: |  1  2  3 |
---------------+----------+-----
Maces & Flails | 2 3 |  3.8
Translocations | 3 4 |  4.4
Fighting       | |  2.6
Throwing       | |  1.0
Dodging        | |  2.1
Spellcasting   | |  2.4

Action                   |  1- 3 |  4- 6 || total
-------------------------+-------+-------++-------
Melee: Mace              |    75 |    27 ||   102
       Quarterstaff      |       |     8 ||     8
Throw: Dart              |    10 |    15 ||    25
       Boomerang         |       |     5 ||     5
 Cast: Gell's Gravitas   |       |     1 ||     1
  Use: Potion            |       |     1 ||     1
 Stab: Sleeping          |     1 |       ||     1
Armor: Robe              |    11 |     9 ||    20
Dodge: Dodged            |    34 |    20 ||    54
